cohdb
Replays
Latest Replays
All Replays
Popular Replays
Top Player Replays
Match Explorer
How It Works
Community
CoH3 Stats
Reddit
Sign in to upload your games and track your stats! →
Sign in with Steam
Match 38291182
Unlisted
Match 38291182
Overview
Messages
Build Orders
End
Construct Barracks
Selects Advanced Infantry Battlegroup
Riflemen Squad
Riflemen Squad
Riflemen Squad
Construct Weapon Support Center
Mechanized Support Center
Selects Convert to Ranger Squad
Convert to Ranger Squad
Construct Motor Pool
Selects Frontline Medical Station
Frontline Medical Station
M1 Anti-tank Gun Team
Convert to Ranger Squad
Construct Tank Depot
Nohope4u
†-MÐ-†AltruisticSaint
†-ϻÐ-† Shaffman33
UH|dun! ツ
iceman
Staufer
0
0
Comments
sign in to comment!
No comments posted yet!